 Dungeon Crawl Stone Soup version 0.25.1-2-g60ff931df9 (webtiles) character file.

Game seed: 17075043818850734526

723762 DildoBatman the Petrodigitator (level 27, -11/190 HPs)
             Began as a Formicid Wizard on Aug 31, 2020.
             Was an Initiate of Gozag.
             Mangled by Kutwoh the pandemonium lord (21 damage)
             ... on level 19 of a ziggurat on Sept 1, 2020.
             The game lasted 04:39:42 (61450 turns).

DildoBatman the Petrodigitator (Formicid Wizard)   Turns: 61450, Time: 04:39:43

Health: -11/190    AC: 29    Str: 23    XL:     27
Magic:  13/41      EV: 18    Int: 49    God:    Gozag
Gold:   11962      SH: 26    Dex:  7    Spells: 4/54 levels left

rFire    + + .     SeeInvis +   b - +11 scimitar "Jelly's Demise" {vorpal, *Slow Str+9 Int+8 Dex-5}
rCold    + + +     Gourm    .   P - +2 tower shield {rC+ rF+}
rNeg     + + +     Faith    .   o - +4 troll leather armour
rPois    ∞         Spirit   .   (helmet unavailable)
rElec    +         Reflect  .   N - +1 cloak of Starlight {rElec rC+ EV+4 Stlth--}
rCorr    +         Harm     .   y - +2 pair of gloves {Dex+3}
MR       +++..     Clarity  +   E - +2 pair of boots {Stlth+}
Stlth    ..........             r - amulet of Piul {*Drain Regen+ Int+6}
HPRegen  1.21/turn              h - ring of Robustness {AC+8}
MPRegen  0.27/turn              I - +6 ring of intelligence

@: lich-form, silence (expiring), resistant, corroded, stab, very slightly
contaminated, studying 2 skills, invisible
A: permanent stasis, dig shafts and tunnels, four strong arms, antennae 3,
hooves 1, large bone plates 1, clarity
}: 4/15 runes: barnacled, silver, golden, gossamer
a: Dig, Shaft Self, End Transformation, Renounce Religion


You were on level 19 of a ziggurat.
You worshipped Gozag.
Gozag was extremely pleased with you.
You were not hungry.
You were a lich.
You visited 10 branches of the dungeon, and saw 46 of its levels.
You visited the Abyss 1 time.
You visited 1 bazaar.
You visited 1 ziggurat, and saw 19 of its levels.
You also visited: Gauntlet and Volcano.

You collected 30147 gold pieces.
You spent 5919 gold pieces at shops.
You paid 12266 gold pieces to Gozag.

Inventory:

Hand Weapons
 b - the +11 scimitar "Jelly's Demise" (weapon) {vorpal, *Slow Str+9 Int+8 Dex-5}
   (You found it on level 6 of a ziggurat)

   It inflicts extra damage upon your enemies.
   It affects your strength (+9).
   It affects your intelligence (+8).
   It affects your dexterity (-5).
   It may slow you when you take damage.
 d - the +10 long sword "Taharrek" {vorpal, rElec MR+ Str+4}
   (You found it on level 1 of the Spider Nest)

   It inflicts extra damage upon your enemies.
   It affects your strength (+4).
   It insulates you from electricity.
   It affects your resistance to hostile enchantments.
 j - the +9 triple crossbow of Dishonour {penet, *Slow rF+ Str+4 Int+2}
   (You found it on level 18 of a ziggurat)

   Ammo fired by it will pass through the targets it hits, potentially hitting
   all targets in its path until it reaches maximum range.
   It affects your strength (+4).
   It affects your intelligence (+2).
   It protects you from fire.
   It may slow you when you take damage.
Missiles
 t - 31 silver javelins (quivered)
 D - 1874 bolts
 M - 18 throwing nets
 R - 2028 arrows
Armour
 o - a +4 troll leather armour (worn)
 y - a +2 pair of gloves of dexterity (worn)
 E - a +2 pair of boots of stealth (worn)
 N - the +1 cloak of Starlight (worn) {rElec rC+ EV+4 Stlth--}
   (You found it on level 3 of the Elven Halls)

   It affects your evasion (+4).
   It protects you from cold.
   It insulates you from electricity.
   It makes you much less stealthy.
 P - a +2 tower shield of resistance (worn)
Magical Staves
 a - an uncursed staff of energy
Jewellery
 c - an uncursed ring of resist corrosion
 f - the amulet "Ifalopn" {Acrobat *Corrode Str-2 Dex+10 Stlth+, unknown}
   (You found it on level 18 of a ziggurat)

   [amulet of the acrobat]

   It helps you evade while moving and waiting.
   It affects your strength (-2).
   It affects your dexterity (+10).
   It may corrode you when you take damage.
   It makes you more stealthy.
 g - the amulet of the Air {Inacc +Fly rElec EV+5 RMsl}
   (You found it on level 3 of the Tomb of the Ancients)

   [amulet of inaccuracy]

   It reduces the accuracy of all your attacks.
   It affects your evasion (+5).
   It insulates you from electricity.
   It lets you fly.
   It protects you from missiles.
 h - the ring of Robustness (left hand) {AC+8}
   (You bought it in a shop on level 3 of the Tomb of the Ancients)

   [ring of protection]

   It affects your AC (+8).
 l - the ring of Qazlal's Indignation {rC++ AC+4 Str+2 Slay+2}
   (You bought it in a shop on level 3 of the Tomb of the Ancients)

   [ring of protection]

   It affects your AC (+4).
   It affects your strength (+2).
   It affects your accuracy and damage with ranged weapons and melee attacks
   (+2).
   It greatly protects you from cold.
 r - the amulet of Piul (around neck) {*Drain Regen+ Int+6}
   (You found it in a Gauntlet)

   [amulet of regeneration]

   It affects your intelligence (+6).
   It increases your rate of regeneration.
   It causes draining when unequipped.
 I - a +6 ring of intelligence (right hand)
Wands
 A - a wand of acid (15)
 F - a wand of clouds (2)
 T - a wand of iceblast (54)
Scrolls
 u - 7 scrolls of amnesia
 x - 14 scrolls of remove curse
 z - 20 scrolls of identify
 B - 4 scrolls of holy word
 C - a scroll of summoning
 H - 19 scrolls of fog
 O - 3 scrolls of enchant armour
 Q - 3 scrolls of torment
 U - 4 scrolls of immolation
Potions
 k - 4 potions of invisibility
 n - 11 potions of heal wounds
 p - 6 potions of cancellation
 G - 10 potions of might
 K - 8 potions of ambrosia
 L - 10 potions of brilliance
 S - a potion of resistance
 V - 28 potions of curing
 X - 2 potions of magic
 Y - 5 potions of mutation
Books
 e - a manual of Fire Magic
 m - a manual of Crossbows
Miscellaneous
 i - a lightning rod (4/4)
 s - 11 boxes of beasts
 w - 14 phantom mirrors
 J - a phial of floods
Comestibles
 v - 53 rations


   Skills:
 - Level 10.0 Fighting
 - Level 10.0 Armour
 - Level 8.0 Dodging
 - Level 4.5 Stealth
 - Level 15.0 Shields
 - Level 14.0 Spellcasting
 - Level 5.0 Conjurations
 - Level 6.0 Charms
 - Level 8.0 Summonings
 - Level 19.0 Necromancy
 - Level 0.8 Translocations
 - Level 19.0 Transmutations
 - Level 4.0 Fire Magic
 - Level 6.0 Ice Magic
 * Level 24.8 Air Magic
 O Level 27 Earth Magic
 - Level 10.0 Evocations


You had 4 spell levels left.
You knew the following spells:

 Your Spells              Type           Power        Failure   Level  Hunger
a - Borgnjor's Vile Clut  Necr/Erth      #########.   0%          5    N/A
b - Shatter               Erth           ########..   1%          9    N/A
c - Tornado               Air            ########..   2%          9    N/A
d - Necromutation         Tmut/Necr      ########..   1%          8    N/A
e - Bolt of Magma         Conj/Fire/Erth ########..   1%          5    N/A
g - Ozocubu's Armour      Chrm/Ice       #######.     1%          3    N/A
h - Dispel Undead         Necr           ########     0%          4    N/A
i - Aura of Abjuration    Summ           #######...   1%          5    N/A
z - Shroud of Golubria    Chrm/Tloc      ######       1%          2    N/A

Your spell library contained the following spells:

 Spells                   Type           Power        Failure   Level  Hunger
 Animate Skeleton         Necr           N/A          0%          1    N/A
 Beastly Appendage        Tmut           ######       0%          1    N/A
 Pain                     Necr           ####         0%          1    N/A
 Shock                    Conj/Air       ####         0%          1    N/A
 Sting                    Tmut/Pois      ####         0%          1    N/A
 Corpse Rot               Necr/Air       N/A          0%          2    N/A
 Passwall                 Tmut/Erth      ########     0%          2    N/A
 Poisonous Vapours        Pois/Air       ######       0%          2    N/A
 Sticks to Snakes         Tmut           ########     0%          2    N/A
 Sublimation of Blood     Necr           ########..   0%          2    N/A
 Static Discharge         Conj/Air       ########     0%          3    N/A
 Vampiric Draining        Necr           ########..   0%          3    N/A
 Airstrike                Air            ########..   0%          4    N/A
 Animate Dead             Necr           N/A          0%          4    N/A
 Petrify                  Tmut/Erth      ########     0%          4    N/A
 Summon Lightning Spire   Summ/Air       ########     0%          4    N/A
 Apportation              Tloc           #####.       1%          1    N/A
 Corona                   Hex            ####...      1%          1    N/A
 Foxfire                  Conj/Fire      ####         1%          1    N/A
 Freeze                   Ice            ####         1%          1    N/A
 Infusion                 Chrm           ####         1%          1    N/A
 Magic Dart               Conj           ####         1%          1    N/A
 Summon Butterflies       Summ           #######.     1%          1    N/A
 Call Imp                 Summ           #######.     1%          2    N/A
 Ensorcelled Hibernation  Hex/Ice        ######       1%          2    N/A
 Searing Ray              Conj           ######       1%          2    N/A
 Slow                     Hex            ####....     1%          2    N/A
 Song of Slaying          Chrm           #######.     1%          2    N/A
 Call Canine Familiar     Summ           #######.     1%          3    N/A
 Confusing Touch          Hex            ####....     1%          3    N/A
 Conjure Flame            Conj/Fire      ######..     1%          3    N/A
 Dazzling Flash           Conj/Hex       ######       1%          3    N/A
 Frozen Ramparts          Ice            ######       1%          3    N/A
 Gell's Gravitas          Tloc           #####.....   1%          3    N/A
 Ignite Poison            Fire/Tmut/Pois #######.     1%          3    N/A
 Inner Flame              Hex/Fire       ######..     1%          3    N/A
 Lesser Beckoning         Tloc           #####.....   1%          3    N/A
 Mephitic Cloud           Conj/Pois/Air  #######.     1%          3    N/A
 Portal Projectile        Hex/Tloc       #####.       1%          3    N/A
 Recall                   Summ/Tloc      N/A          1%          3    N/A
 Spectral Weapon          Hex/Chrm       ######..     1%          3    N/A
 Spider Form              Tmut/Pois      #######...   1%          3    N/A
 Tukima's Dance           Hex            ####....     1%          3    N/A
 Hailstorm                Conj/Ice       ######..     1%          4    N/A
 Ice Form                 Ice/Tmut       ########     1%          4    N/A
 Iskenderun's Mystic Bla  Conj/Tloc      ######..     1%          4    N/A
 Leda's Liquefaction      Hex/Erth       ########..   1%          4    N/A
 Sticky Flame             Conj/Fire      ######..     1%          4    N/A
 Summon Ice Beast         Ice/Summ       #######.     1%          4    N/A
 Fulminant Prism          Conj/Hex       ######....   2%          4    N/A
 Passage of Golubria      Tloc           N/A          4%          4    N/A
 Cause Fear               Hex            ####......   7%          4    N/A
 Olgreb's Toxic Radiance  Pois           ####....     7%          4    N/A
 Agony                    Necr           ########     0%          5    N/A
 Blade Hands              Tmut           ########..   0%          5    N/A
 Lee's Rapid Deconstruct  Erth           ########..   0%          5    N/A
 Statue Form              Tmut/Erth      ########.    0%          6    N/A
 Alistair's Intoxication  Tmut/Pois      #######.     1%          5    N/A
 Excruciating Wounds      Chrm/Necr      ########..   1%          5    N/A
 Irradiate                Conj/Tmut      ########..   1%          5    N/A
 Lightning Bolt           Conj/Air       ########..   1%          5    N/A
 Silence                  Hex/Air        ########..   1%          5    N/A
 Summon Demon             Summ           #######...   1%          5    N/A
 Yara's Violent Unravell  Hex/Tmut       #######...   1%          5    N/A
 Conjure Ball Lightning   Conj/Air       ########..   1%          6    N/A
 Death Channel            Necr           ########..   1%          6    N/A
 Freezing Cloud           Conj/Ice/Air   ########..   1%          6    N/A
 Hydra Form               Tmut           ########..   1%          6    N/A
 Iron Shot                Conj/Erth      ########..   1%          6    N/A
 Simulacrum               Ice/Necr       ########..   1%          6    N/A
 Dragon Form              Tmut           ########..   1%          7    N/A
 Borgnjor's Revivificati  Necr           ########..   1%          8    N/A
 Infestation              Necr           ########..   1%          8    N/A
 Eringya's Noxious Bog    Tmut/Pois      #######...   2%          6    N/A
 Haunt                    Necr/Summ      ########..   2%          7    N/A
 Fireball                 Conj/Fire      ######....   3%          5    N/A
 Summon Forest            Summ/Tloc      ######....   3%          5    N/A
 Summon Mana Viper        Hex/Summ       ######..     3%          5    N/A
 Shadow Creatures         Summ           N/A          4%          6    N/A
 Metabolic Englaciation   Hex/Ice        ######....   5%          5    N/A
 Lehudib's Crystal Spear  Conj/Erth      ########..   6%          8    N/A
 Ozocubu's Refrigeration  Ice            #######...   9%          6    N/A
 Chain Lightning          Conj/Air       ########..   11%         8    N/A
 Monstrous Menagerie      Summ           #######...   22%         7    N/A
 Summon Greater Demon     Summ           #######...   22%         7    N/A
 Summon Hydra             Summ           #######...   22%         7    N/A
 Death's Door             Chrm/Necr      ########..   26%         8    N/A
 Dispersal                Tloc           #####.....   58%         6    N/A
 Orb of Destruction       Conj           ######....   58%         7    N/A
 Malign Gateway           Summ/Tloc      ######....   67%         7    N/A
 Darkness                 Hex            ####......   71%         6    N/A
 Invisibility             Hex            ####....     71%         6    N/A
 Summon Horrible Things   Summ           #######...   86%         8    N/A
 Disjunction              Tloc           #####.....   100%        8    N/A
 Absolute Zero            Ice            #######...   100%        9    N/A
 Fire Storm               Conj/Fire      ######....   100%        9    N/A
 Swiftness                Chrm/Air       Unusable     N/A         2    N/A
 Blink                    Tloc           Unusable     N/A         2    N/A
 Controlled Blink         Tloc           Unusable     N/A         8    N/A

Dungeon Overview and Level Annotations

Branches:
Dungeon (15/15)            Temple (1/1) D:5            Lair (6/6) D:10
 Shoals (4/4) Lair:4       Spider (4/4) Lair:2        Slime (0/5) Lair:5
    Orc (2/2) D:10            Elf (3/3) Orc:2        Vaults (5/5) D:14
  Crypt (3/3) Vaults:3       Tomb (3/3) Crypt:3      Depths (0/5) D:15
Volcano (visited)         Gauntlet (visited)

Altars:
Ashenzari
Cheibriados
Dithmenos
Elyvilon
Fedhas
Gozag
Hepliaklqana
Kikubaaqudgha
Makhleb
Nemelex Xobeh
Okawaru
Qazlal
Ru
Sif Muna
Trog
Uskayaw
Vehumet
Wu Jian
Xom
Yredelemnul
Zin
The Shining One

Shops:
D:4 *   D:8 *   Orc:2 (*(*   Shoals:3 *[[[   Vaults:5 (   Tomb:3 [=(=[[


Innate Abilities, Weirdness & Mutations

You cannot be hasted, slowed, berserked, paralysed or teleported.
You can dig through walls and to a lower floor.
Your four strong arms can wield two-handed weapons with a shield.
You have a pair of large antennae on your head. (SInv)
You have large cloven feet.
You are partially covered in large bone plates. (SH +4)
You possess an exceptional clarity of mind.


Message History

Press: ? - help, Shift-Dir - straight line, f/p - Kutwoh
Aim: Kutwoh, armed with a painful touch (raging winds, almost dead)
The bolt of acid misses Kutwoh.
Kutwoh becomes distracted by the nearby gold, dreaming of imaginary riches.
Found five items.
Kutwoh is no longer distracted by gold.
Found seven items.
Found two gates leading back out of this place.
Found a stone staircase leading down.
Aiming: Corrosive Bolt
Press: ? - help, Shift-Dir - straight line, f/p - Kutwoh
Aim: Kutwoh, armed with a painful touch (almost dead)
The bolt of acid hits Kutwoh!
Kutwoh is splashed with acid.
The acid corrodes Kutwoh!
Kutwoh is almost dead.
The winds around you calm down. Kutwoh hits you!!
You die...
Your body crumbles into a pile of gold.

............▓▓
........^8.8^.▓▓
.........88.88..▓
................$.......
..88.8..................
..^8.8^.........^.$.^...
.............$..........
................L...$[?=
................&....)%[
..........$.$..$.$..$[%∩
............$..$....?))>$
.........p..$$$....$.}(∩
.......p.............):)
.................$...??[
........................
..^8.8^.........^...^..


You could see Kutwoh (corroded) and a Killer Klown.

Vanquished Creatures
  Khufu (Crypt:3)
  Mara (Tomb:3)
  3 juggernauts (Zig:10)
  Mennas (Crypt:3)
  6 ancient liches
  Sojobo (Vaults:4)
  The ghost of Jethu the Impregnable, a veteran MiGl of Hepliaklqana (Crypt:2)
  Margery (Crypt:3)
  4 shard shrikes (Zig:18)
  24 greater mummies
  A caustic shrike (Zig:19)
  Xtahua (Vaults:2)
  13 Killer Klowns
  Nikola (Shoals:2)
  4 golden dragons
  A bone dragon (Crypt:3)
  13 pandemonium lords
  Jory (Vaults:4)
  Arachne (Spider:4)
  A shard shrike zombie (Crypt:1)
  Jorgrun (D:14)
  An Ice Fiend (Zig:18)
  The ghost of Cemirioph the Warrior, an adept MiBe of Trog (Shoals:2)
  3 tentacled monstrosities (Vaults:5)
  7 liches
  5 titans
  2 deep elf master archers (Elf:3)
  3 deep elf blademasters
  12 acid blobs
  12 ancient champions
  Polyphemus (Shoals:3)
  A kraken (Shoals:4)
  10 sphinxes
  Agnes (D:14)
  A sphinx (shapeshifter) (Zig:12)
  10 tengu reavers
  Kirke (D:12)
  Gastronok (D:11)
  4 shadow dragons
  12 revenants
  4 storm dragons
  Roxanne (D:15)
  Ilsuiw (Shoals:2)
  The ghost of Tinen the Brawler, a journeyman TrMo of Wu Jian (Orc:1)
  9 azure jellies
  2 nagarajas (Zig:17)
  A draconian monk (Zig:6)
  Donald (Shoals:3)
  A draconian knight (Zig:17)
  12 deep elf sorcerers
  18 vault wardens
  A frost giant (shapeshifter) (Zig:12)
  6 fire giants
  An orc warlord (Zig:16)
  3 frost giants (Vaults:5)
  Louise (Elf:1)
  11 ghost moths
  8 curse skulls
  3 iron dragons
  A caustic shrike zombie (Zig:18)
  2 draconian scorchers
  A draconian stormcaller (Zig:7)
  8 emperor scorpions
  18 ironheart preservers
  2 ghouls
  A juggernaut skeleton (Crypt:3)
  2 draconian shifters
  6 deep elf elementalists
  12 stone giants
  A war gargoyle (Vaults:5)
  3 draconian annihilators
  2 reapers (Zig:18)
  3 blood saints (Zig:17)
  5 vampire knights
  A green draconian (Zig:4)
  8 very ugly things
  9 deep elf demonologists
  8 bennus
  6 entropy weavers
  Nessos (D:15)
  A minotaur (Gauntlet)
  A lorocyproca (Zig:4)
  2 purple draconians (Zig:7)
  2 yellow draconians (Zig:6)
  2 black draconians (Zig:6)
  13 deep elf annihilators
  2 spark wasps
  A white draconian (Zig:7)
  4 merfolk javelineers (Shoals:4)
  Azrael (D:13)
  Snorg (D:11)
  23 mummy priests
  8 eidola
  11 deep elf death magi
  7 ettins
  7 fire dragons
  A blizzard demon (Zig:8)
  3 green deaths
  2 jiangshi (Crypt:2)
  2 death oozes
  The ghost of Junaliek the Protected, a journeyman MiFi of Okawaru (Lair:2)
  6 deep elf high priests
  A quicksilver dragon skeleton (Crypt:2)
  20 merfolk impalers
  3 ice dragons
  17 yaktaur captains
  6 great orbs of eyes
  39 vault guards
  2 merfolk avatars
  Harold (D:8)
  A spriggan air mage (Zig:17)
  3 rakshasas
  3 catoblepae
  5 hydras
  12 centaur warriors
  27 two-headed ogres
  7 death knights
  2 satyrs
  94 death scarabs
  A tengu warrior (D:14)
  15 ogre magi
  4 merfolk aquamancers
  8 orc high priests
  10 vampire magi
  2 titan zombies
  Urug (D:12)
  2 death yaks
  A shock serpent (shapeshifter) (D:15)
  22 deep elf knights
  3 large abominations
  Sonja (D:11)
  3 storm dragon zombies
  An iron troll (Zig:10)
  35 skeletal warriors
  3 titan skeletons
  2 golden dragon zombies (Zig:18)
  9 hell knights
  A wretched star (Zig:4)
  3 fire crabs (shapeshifter)
  A salamander mystic (Zig:17)
  9 shadow wraiths
  A spark wasp zombie (Crypt:2)
  A storm dragon skeleton (Vaults:4)
  A ghost moth zombie (Crypt:2)
  2 sea snakes (shapeshifter)
  8 unseen horrors
  3 glowing orange brains
  10 sea snakes
  7 flayed ghosts
  7 deep trolls (Vaults:3)
  2 golden dragon skeletons
  23 ironbrand convokers
  The ghost of Tyszek the Unseen, a novice SpEn of Ashenzari (D:9)
  2 obsidian statues (Zig:9)
  13 deep elf archers
  2 sphinx zombies
  An iron giant skeleton (Crypt:3)
  A wolf spider zombie (Crypt:1)
  2 wizards
  3 orange crystal statues (Zig:3)
  13 necromancers
  11 phantasmal warriors
  21 orc knights
  23 wolf spiders
  A lindwurm (Volcano)
  2 fire giant zombies
  Pikel (D:5)
  An iron dragon zombie (Crypt:2)
  2 tengu zombies (Zig:18)
  An orb spider (shapeshifter) (Zig:12)
  5 anaconda skeletons
  15 orb spiders
  16 harpies
  A faun (shapeshifter) (Vaults:4)
  A stone giant zombie (Vaults:4)
  10 orc sorcerers
  87 deep elf magi
  A wolf spider (shapeshifter) (Vaults:5)
  2 shadow dragon skeletons
  10 manticores
  9 ugly things
  2 frost giant zombies
  12 fauns
  4 moths of wrath
  2 shining eyes
  10 cyclopes
  A tengu skeleton (Zig:18)
  3 elephants (Lair:6)
  2 water nymphs (Shoals:3)
  A titan simulacrum (Crypt:1)
  15 merfolk sirens
  3 black mambas
  16 vault sentinels
  A fire giant skeleton (Tomb:3)
  An apocalypse crab (Zig:19)
  3 ice statues
  3 stone giant skeletons
  Joseph (D:8)
  2 molten gargoyles (Volcano)
  Psyche (D:11)
  A gargoyle (D:12)
  6 eyes of devastation
  2 minotaur zombies (Gauntlet)
  A water nymph (shapeshifter) (Zig:19)
  2 torpor snails (Spider:4)
  4 naga magi (Zig:17)
  2 orange demons (Gauntlet)
  A rime drake (Lair:6)
  10 spiny frogs
  2 purple draconian zombies
  13 komodo dragons
  An alligator snapping turtle skeleton (Crypt:1)
  4 death yak zombies
  4 kobold demonologists
  61 yaktaurs
  An anaconda simulacrum (Crypt:2)
  4 tormentors
  9 freezing wraiths
  45 guardian mummies
  19 demonic crawlers
  3 ice devils
  A hellwing (D:2)
  2 polar bears (Lair:6)
  41 jumping spiders
  A harpy zombie (Tomb:2)
  A queen bee (Lair:3)
  12 trolls
  A jumping spider (shapeshifter) (Elf:2)
  56 merfolk
  A death yak skeleton (Lair:1)
  A tengu simulacrum (Vaults:4)
  2 wind drakes
  7 hydra zombies
  26 blink frogs
  A shadow dragon simulacrum (Vaults:4)
  An ettin zombie (Crypt:2)
  A hydra skeleton (Crypt:2)
  21 hornets
  An ice dragon zombie (Crypt:1)
  8 snapping turtles
  5 spriggan zombies
  16 dream sheep
  2 raiju (Zig:3)
  37 slime creatures
  A bog body (Crypt:3)
  A dream sheep (shapeshifter) (Vaults:5)
  12 hippogriffs
  2 air elementals
  36 flying skulls
  2 black mamba zombies
  68 redbacks
  A redback (shapeshifter) (Vaults:5)
  11 wraiths
  13 spriggans (Lair:6)
  19 ushabtiu
  7 water elementals
  7 shadows
  3 ettin skeletons
  7 wyverns
  36 tarantellas
  2 black mamba skeletons (Lair:6)
  5 hogs (D:13)
  5 humans (D:14)
  A wyvern (shapeshifter) (Vaults:2)
  2 ynoxinuls
  5 chaos spawn
  Grum (D:10)
  2 fire bats (Volcano)
  6 fire elementals
  6 yaks (Lair:3)
  4 hungry ghosts
  A yaktaur simulacrum (Vaults:2)
  2 golden eyes (Zig:14)
  3 steam dragons
  Eustachio (D:5)
  6 wargs
  A two-headed ogre zombie (Crypt:2)
  A merfolk zombie (Crypt:2)
  3 acid dragons (Vaults:2)
  A gelid demonspawn zombie (Crypt:2)
  2 soldier ants (D:12)
  5 hell hounds
  2 swamp worms (shapeshifter) (Zig:19)
  6 spiny frog zombies
  9 water moccasins
  11 porcupines
  A spiny frog skeleton (Lair:1)
  An ice beast (shapeshifter) (Elf:1)
  2 slaves (D:5)
  5 black bears (Lair:6)
  4 ice beasts
  An ettin simulacrum (Crypt:2)
  5 sky beasts
  A dream sheep zombie (Lair:1)
  3 eyes of draining
  54 orc warriors
  6 necrophages
  An eye of draining (shapeshifter) (Vaults:3)
  38 ogres
  4 phantoms
  8 boggarts
  A blink frog zombie (Lair:4)
  35 centaurs
  A centaur (shapeshifter) (Vaults:5)
  30 wolves
  2 elf skeletons
  An elf simulacrum (Vaults:4)
  2 lindwurm skeletons
  A hippogriff zombie (Lair:1)
  A rime drake zombie (Lair:1)
  19 crocodiles
  A manticore skeleton (Tomb:3)
  5 big kobolds
  3 elf zombies
  7 earth elementals
  22 bullfrogs
  6 gnoll sergeants
  3 komodo dragon zombies
  A hippogriff skeleton (Lair:1)
  A water moccasin zombie (Lair:1)
  3 komodo dragon skeletons
  A salamander skeleton (Crypt:2)
  7 scorpions
  A wyvern skeleton (D:11)
  A human simulacrum (Vaults:3)
  A warg skeleton (Crypt:2)
  2 water moccasin skeletons
  23 killer bees (Lair:3)
  A small abomination (D:12)
  19 wights
  4 electric eels
  11 howler monkeys
  A wolf zombie (Lair:2)
  3 yak skeletons
  9 crimson imps
  7 lava snakes
  2 bullfrog zombies
  6 centaur zombies
  5 human zombies
  5 jellies
  11 hounds
  31 orc wizards
  Crazy Yiuf (D:3)
  2 bullfrog skeletons
  26 orc priests
  6 centaur skeletons
  Jessica (D:1)
  2 porcupine zombies
  2 basilisk skeletons
  9 human skeletons
  6 iguanas
  15 worker ants
  2 porcupine skeletons (Lair:6)
  A naga zombie (Crypt:1)
  2 crocodile skeletons
  2 felid skeletons (Crypt:3)
  A big kobold skeleton (Crypt:2)
  A dwarf skeleton (Crypt:3)
  A hound zombie (D:9)
  3 hound skeletons
  63 mummies
  18 gnolls
  9 adders
  3 shadow imps
  4 white imps
  2 oozes
  2 adder skeletons
  4 worms
  3 dart slugs
  10 leopard geckos
  121 orcs
  4 giant cockroaches
  6 goblins
  9 hobgoblins
  14 jackals
  5 quokkas
  15 bats
  3 frilled lizards
  A jackal skeleton (D:8)
  15 kobolds
  A leopard gecko skeleton (D:5)
  An orc zombie (D:14)
  3 rats
  A rat skeleton (Crypt:1)
  A rat zombie (Crypt:3)
  A river rat zombie (Crypt:2)
  A fungus (Lair:3)
  A plant (Shoals:3)
2834 creatures vanquished.

Vanquished Creatures (collateral kills)
  A wolf spider (Spider:2)
  A dream sheep (Shoals:2)
  3 redbacks
5 creatures vanquished.

Vanquished Creatures (others)
  2 ghost moths
  28 dancing weapons
  A deep troll (Vaults:3)
  A glowing orange brain (Zig:4)
  An orb spider (Zig:9)
  A snapping turtle (Shoals:2)
  2 redbacks
  2 slaves (D:5)
  An orc warrior (Vaults:4)
  An electric eel (D:8)
  A lava snake (Volcano)
  4 demonic plants (Gauntlet)
  9 fungi
  12 plants
  8 tentacles (Shoals:4)
74 creatures vanquished.

Grand Total: 2913 creatures vanquished

Notes
Turn   | Place    | Note
-------+----------+-------------------------------------------
     0 | D:1      | DildoBatman the Formicid Wizard began the quest for the
                  | Orb.
     0 | D:1      | Reached XP level 1. HP: 13/13 MP: 4/4
    19 | D:1      | Reached skill level 1 in Conjurations
   166 | D:1      | Reached XP level 2. HP: 5/19 MP: 4/6
   725 | D:1      | Reached XP level 3. HP: 24/24 MP: 1/7
   730 | D:1      | Learned a level 3 spell: Conjure Flame
   734 | D:1      | Learned a level 3 spell: Mephitic Cloud
  1297 | D:2      | Noticed a sky beast
  1654 | D:2      | Reached XP level 4. HP: 30/30 MP: 0/8
  1800 | D:2      | Killed a sky beast
  1800 | D:2      | Reached XP level 5. HP: 15/35 MP: 0/9
  2175 | D:2      | Noticed Jessica
  2261 | D:2      | Found a burning altar of Makhleb.
  2261 | D:2      | Noticed a green death
  2264 | D:2      | Noticed a ynoxinul
  2264 | D:2      | Noticed a hellwing
  2950 | D:3      | Reached XP level 6. HP: 41/41 MP: 4/10
  3078 | D:3      | Reached skill level 1 in Fire Magic
  3125 | D:3      | Reached skill level 1 in Air Magic
  3139 | D:3      | Found a runed translucent door.
  3140 | D:3      | Noticed Crazy Yiuf
  3693 | D:5      | Entered Level 5 of the Dungeon
  3729 | D:5      | Found a staircase to the Ecumenical Temple.
  3757 | Temple   | Entered the Ecumenical Temple
  3911 | Temple   | Became a worshipper of Kikubaaqudgha
  3978 | D:5      | Reached skill level 5 in Conjurations
  3995 | D:5      | Noticed an ogre
  4033 | D:5      | Killed an ogre
  4033 | D:5      | Reached XP level 7. HP: 11/46 MP: 3/11
  4113 | D:1      | Killed Jessica
  4335 | D:3      | Killed Crazy Yiuf
  4571 | D:4      | Reached skill level 1 in Fighting
  4648 | D:4      | Found Kuidusm's General Store.
  4743 | D:4      | Reached skill level 1 in Armour
  4994 | D:4      | Reached XP level 8. HP: 55/55 MP: 12/12
  5178 | D:5      | Reached * piety under Kikubaaqudgha
  5178 | D:5      | Identified Kikubaaqudgha's Collected Works on Evil
                  | (Kikubaaqudgha gifted it to you on level 5 of the Dungeon)
  5178 | D:5      | Received a gift from Kikubaaqudgha
  5294 | D:5      | Noticed Pikel
  5334 | D:5      | Killed Pikel
  5534 | D:5      | Reached XP level 9. HP: 49/65 MP: 0/13
  5924 | D:5      | Found a shattered altar of Ashenzari.
  6360 | D:6      | Noticed Eustachio
  6378 | D:5      | Killed Eustachio
  6430 | D:6      | Reached skill level 5 in Fighting
  6520 | D:6      | Reached skill level 1 in Shields
  6621 | D:6      | Reached ** piety under Kikubaaqudgha
  6621 | D:6      | Reached skill level 1 in Necromancy
  6916 | D:6      | Reached skill level 5 in Armour
  7096 | D:7      | Noticed a hippogriff
  7109 | D:7      | Killed a hippogriff
  7236 | D:7      | Reached XP level 10. HP: 75/75 MP: 14/16
  7638 | D:7      | Reached skill level 5 in Dodging
  7980 | D:8      | Noticed Joseph
  8006 | D:8      | Killed Joseph
  8079 | D:8      | Noticed Harold
  8114 | D:8      | Killed Harold
  8114 | D:8      | Reached skill level 5 in Spellcasting
  8264 | D:8      | Found Ediver's General Store.
  8540 | D:8      | Reached *** piety under Kikubaaqudgha
  8540 | D:8      | Identified Kikubaaqudgha's Compendium of Dark Rituals
                  | (Kikubaaqudgha gifted it to you on level 8 of the Dungeon)
  8540 | D:8      | Received a gift from Kikubaaqudgha
  8834 | D:8      | Learned a level 4 spell: Dispel Undead
  8886 | D:9      | Found a runed translucent door.
  8889 | D:9      | Found a shimmering altar of Xom.
  8889 | D:9      | Noticed Tyszek's ghost (novice SpEn)
  8891 | D:9      | Noticed a +0 rapier of chaos
  9214 | D:9      | Reached XP level 11. HP: 83/83 MP: 17/20
  9423 | D:9      | Reached skill level 5 in Necromancy
  9711 | D:9      | Learned a level 5 spell: Borgnjor's Vile Clutch
  9712 | D:10     | Entered Level 10 of the Dungeon
  9736 | D:10     | Reached skill level 1 in Earth Magic
  9766 | D:10     | Reached skill level 2 in Earth Magic
  9774 | D:10     | Noticed a two-headed ogre
  9795 | D:10     | Noticed Grum
  9893 | D:10     | Reached skill level 3 in Earth Magic
  9988 | D:10     | Killed a two-headed ogre
 10064 | D:10     | Reached skill level 4 in Earth Magic
 10087 | D:10     | Reached **** piety under Kikubaaqudgha
 10089 | D:10     | Killed Grum
 10124 | D:10     | Found a staircase to the Lair.
 10162 | D:10     | Reached skill level 5 in Earth Magic
 10189 | D:10     | Found a staircase to the Orcish Mines.
 10206 | D:10     | Reached skill level 6 in Earth Magic
 10348 | D:10     | Reached ***** piety under Kikubaaqudgha
 10387 | D:10     | Learned a level 3 spell: Vampiric Draining
 10407 | D:10     | Reached XP level 12. HP: 50/89 MP: 8/22
 10803 | D:10     | Reached skill level 7 in Earth Magic
 10836 | Orc:1    | Entered Level 1 of the Orcish Mines
 10940 | Orc:1    | Noticed an orc high priest
 10998 | Orc:1    | Killed an orc high priest
 10998 | Orc:1    | Reached skill level 8 in Earth Magic
 11293 | Orc:1    | Reached skill level 9 in Earth Magic
 11373 | Orc:1    | Got a fading hunting sling
 11583 | Orc:1    | Identified the cursed +2 hunting sling of the Scroll
                  | {speed, rPois MR- Int+6 Dex+4} (You found it on level 1 of
                  | the Orcish Mines)
 11590 | Orc:2    | Entered Level 2 of the Orcish Mines
 11784 | Orc:2    | Found a staircase to the Elven Halls.
 11817 | Orc:2    | Reached skill level 5 in Shields
 12124 | Orc:2    | Noticed an orc high priest
 12124 | Orc:2    | Noticed an orc high priest
 12124 | Orc:2    | Noticed an orc high priest
 12131 | Orc:2    | Killed an orc high priest
 12131 | Orc:2    | Reached XP level 13. HP: 79/98 MP: 10/23
 12374 | Orc:2    | Found Penibaog's Assorted Antiques.
 12374 | Orc:2    | Found Mogitayw's Weapon Shop.
 12376 | Orc:2    | Found Teat's General Store.
 12376 | Orc:2    | Found Upigiubb's Weapon Emporium.
 12500 | Orc:1    | Reached ****** piety under Kikubaaqudgha
 12519 | Orc:1    | Received a gift from Kikubaaqudgha
 12521 | Orc:1    | Fell from the grace of Kikubaaqudgha
 12788 | Temple   | Became a worshipper of Gozag Ym Sagoz the Greedy
 13093 | Orc:1    | Found a runed translucent door.
 13168 | Orc:1    | Noticed Tinen's ghost (journeyman TrMo)
 13422 | D:11     | Noticed a catoblepas
 13430 | D:11     | Killed a catoblepas
 13623 | D:11     | Noticed Sonja
 13630 | D:11     | Noticed Snorg
 13632 | D:11     | Noticed Psyche
 13651 | D:11     | Killed Psyche
 13664 | D:11     | Killed Snorg
 13680 | D:11     | Killed Sonja
 14072 | D:11     | Noticed Gastronok
 14091 | D:11     | Killed Gastronok
 14494 | Lair:1   | Entered Level 1 of the Lair of Beasts
 14534 | Lair:1   | Reached skill level 10 in Fighting
 14602 | Lair:1   | Reached XP level 14. HP: 97/110 MP: 20/24
 14937 | Lair:1   | Reached skill level 10 in Armour
 15577 | Lair:2   | Found a hole to the Spider Nest.
 15620 | Lair:2   | Found a dark tunnel.
 15699 | Volcano  | Entered a volcano
 16042 | Volcano  | Found a bloodstained altar of Trog.
 16747 | Lair:2   | Reached skill level 10 in Spellcasting
 16819 | Lair:2   | Found a large runed translucent door.
 16820 | Lair:2   | Found a large runed translucent door.
 16833 | Lair:2   | Noticed Junaliek's ghost (journeyman MiFi)
 17871 | Lair:3   | Found a gate leading to a gauntlet.
 18024 | Gauntlet | Entered a Gauntlet
 18024 | Gauntlet | Found a transporter.
 18025 | Gauntlet | Found a runed translucent door.
 18027 | Gauntlet | Found a transporter.
 18030 | Gauntlet | Found a runed translucent door.
 18040 | Gauntlet | Found a transporter.
 18044 | Gauntlet | Found a transporter.
 18060 | Gauntlet | Found a transporter.
 18074 | Gauntlet | Found a transporter.
 18087 | Gauntlet | Found a transporter.
 18104 | Gauntlet | Found a transporter.
 18108 | Gauntlet | Found a transporter.
 18116 | Gauntlet | Found a transporter.
 18139 | Gauntlet | Found a transporter.
 18143 | Gauntlet | Found a transporter.
 18363 | Gauntlet | Got a steaming sapphire amulet
 18372 | Gauntlet | Identified the amulet of Piul {*Drain Regen+ Int+6} (You
                  | found it in a Gauntlet)
 18394 | Gauntlet | Reached skill level 10 in Earth Magic
 18472 | Gauntlet | Noticed a minotaur
 18479 | Gauntlet | Killed a minotaur
 18503 | Gauntlet | Reached skill level 10 in Necromancy
 19361 | Lair:4   | Found a staircase to the Shoals.
 19534 | Lair:4   | Learned a level 2 spell: Sublimation of Blood
 19596 | Lair:4   | Reached XP level 15. HP: 115/115 MP: 18/29
 19772 | Lair:4   | Learned a level 6 spell: Statue Form
 19946 | Lair:4   | Reached skill level 1 in Transmutations
 20515 | Lair:5   | Found a staircase to the Slime Pits.
 21218 | Lair:6   | Entered Level 6 of the Lair of Beasts
 21455 | Lair:6   | Reached skill level 11 in Earth Magic
 21914 | Lair:6   | Reached skill level 5 in Transmutations
 22657 | Lair:3   | Was forgiven by Kikubaaqudgha
 22910 | D:4      | Bought a potion of brilliance for 40 gold pieces
 22910 | D:4      | Bought a scroll of identify for 20 gold pieces
 23028 | D:8      | Bought a scroll of identify for 26 gold pieces
 23028 | D:8      | Bought a scroll of identify for 26 gold pieces
 23028 | D:8      | Bought a scroll of immolation for 45 gold pieces
 23028 | D:8      | Bought a potion of curing for 39 gold pieces
 23172 | Orc:2    | Bought a scroll of summoning for 123 gold pieces
 23172 | Orc:2    | Bought a scroll of identify for 26 gold pieces
 23174 | Orc:2    | Bought a wand of acid (7) for 240 gold pieces
 23174 | Orc:2    | Bought a scroll labeled MYZUIBB NYUNWO for 30 gold pieces
 23174 | Orc:2    | Bought a jewelled mace for 240 gold pieces
 23322 | D:9      | Killed Tyszek's ghost
 23322 | D:9      | Reached skill level 12 in Earth Magic
 23428 | Lair:2   | Killed Junaliek's ghost
 23634 | Orc:1    | Killed Tinen's ghost
 23647 | Orc:1    | Got a spiked scale mail
 23659 | Orc:1    | Identified the +2 scale mail "Gifaihiw" {rF+} (You found it
                  | on level 1 of the Orcish Mines)
 23747 | D:10     | Identified the +4 mace of Peace {vamp, +Fly rN+ SInv} (You
                  | bought it in a shop on level 2 of the Orcish Mines)
 23752 | D:10     | Gained mutation: You are covered in fur. (AC +1) [potion of
                  | mutation]
 23752 | D:10     | Gained mutation: You are somewhat resistant to further
                  | mutation. [potion of mutation]
 23883 | D:12     | Noticed Urug
 23890 | D:12     | Cast into level 2 of the Abyss (Urug)
 23936 | Abyss:2  | Noticed a yellow draconian shifter
 23955 | Abyss:2  | Killed a yellow draconian shifter
 24021 | D:12     | Escaped the Abyss
 24040 | D:12     | Killed Urug
 24207 | D:12     | Found a shattered altar of Ashenzari.
 24329 | D:12     | Reached XP level 16. HP: 122/122 MP: 23/32
 24919 | D:13     | Noticed Kirke
 25190 | D:13     | Noticed Azrael
 25205 | D:13     | Killed Azrael
 25540 | D:13     | Reached skill level 13 in Earth Magic
 25764 | D:14     | You are sucked into a shaft and drop 1 floor!
 25764 | D:15     | Entered Level 15 of the Dungeon
 25771 | D:15     | Noticed Nessos
 25830 | D:15     | Killed Nessos
 25983 | D:15     | Reached skill level 14 in Earth Magic
 26280 | D:15     | Noticed Roxanne
 26300 | D:15     | Killed Roxanne
 26331 | D:15     | Found a runed translucent door.
 26340 | D:15     | Noticed a sphinx
 26349 | D:15     | Reached XP level 17. HP: 128/128 MP: 14/33
 26357 | D:15     | Reached skill level 15 in Earth Magic
 26434 | D:15     | Killed a sphinx
 26651 | D:15     | Found a staircase to the Depths.
 26904 | D:14     | Reached skill level 16 in Earth Magic
 26952 | D:14     | Found a gate to the Vaults.
 26970 | D:14     | Got a glimmering kite shield
 26976 | D:14     | Identified the +2 kite shield "Trusted Companion" {Int+4}
                  | (You found it on level 14 of the Dungeon)
 27101 | D:14     | Identified a scroll of acquirement
 27109 | D:14     | Noticed Agnes
 27118 | D:14     | Killed Agnes
 27139 | D:14     | Found a hazy altar of Hepliaklqana.
 27292 | D:14     | Reached skill level 10 in Shields
 27574 | D:14     | Noticed Jorgrun
 27583 | D:14     | Killed Jorgrun
 27751 | D:14     | Found an ancient bone altar of Kikubaaqudgha.
 28178 | D:12     | Killed Kirke
 28416 | Spider:1 | Entered Level 1 of the Spider Nest
 28891 | Spider:1 | Got an ancient long sword
 28983 | Spider:1 | Identified the +10 long sword "Taharrek" {vorpal, rElec MR+
                  | Str+4} (You found it on level 1 of the Spider Nest)
 29144 | Spider:2 | Reached XP level 18. HP: 117/134 MP: 28/34
 29879 | Spider:2 | Reached skill level 15 in Shields
 29980 | Spider:2 | Learned a level 5 spell: Bolt of Magma
 30596 | Spider:4 | Entered Level 4 of the Spider Nest
 30776 | Spider:4 | Reached skill level 17 in Earth Magic
 31176 | Spider:4 | Got a crystal quarterstaff
 31369 | Spider:4 | Noticed Arachne
 31381 | Spider:4 | Killed Arachne
 32002 | Spider:4 | Got a gossamer rune of Zot
 32190 | Spider:4 | Reached skill level 18 in Earth Magic
 32249 | Spider:4 | Got a slimy hand axe
 32355 | Spider:4 | Reached XP level 19. HP: 140/140 MP: 0/35
 32525 | D:10     | Identified the +8 quarterstaff of the Philosopher {vorpal,
                  | Str+3 SInv} (You found it on level 4 of the Spider Nest)
 32526 | D:10     | Identified the +8 hand axe "Fyin" {protect, rPois Str+2}
                  | (You found it on level 4 of the Spider Nest)
 32627 | Shoals:1 | Entered Level 1 of the Shoals
 32719 | Shoals:1 | You are sucked into a shaft and drop 1 floor!
 32728 | Shoals:2 | Noticed Nikola
 32754 | Shoals:2 | Killed Nikola
 32833 | Shoals:2 | Noticed Ilsuiw
 32844 | Shoals:2 | Killed Ilsuiw
 32943 | Shoals:2 | Got a dazzling mace
 33174 | Shoals:2 | Found a runed translucent gate.
 33200 | Shoals:2 | Found a runed translucent gate.
 33201 | Shoals:2 | Found a runed translucent gate.
 33201 | Shoals:2 | Noticed Cemirioph's ghost (adept MiBe)
 33353 | Shoals:2 | Killed Cemirioph's ghost
 33781 | Shoals:2 | Reached skill level 15 in Necromancy
 34011 | Shoals:2 | Identified the +8 mace "Otisutosk" {vorpal, Str+4} (You
                  | found it on level 2 of the Shoals)
 34020 | Shoals:3 | Found Xuucs's Antique Armour Boutique.
 34023 | Shoals:3 | Noticed Polyphemus
 34953 | Shoals:3 | Killed Polyphemus
 34982 | Shoals:3 | Bought a pair of glowing gloves for 307 gold pieces
 35040 | Shoals:3 | Found Beob's Armour Boutique.
 35254 | Shoals:3 | Noticed Donald
 35270 | Shoals:3 | Killed Donald
 35394 | Shoals:3 | Found Naetisigili's General Store.
 35415 | Shoals:3 | Bought a scroll of identify for 42 gold pieces
 35415 | Shoals:3 | Bought a scroll of identify for 42 gold pieces
 35415 | Shoals:3 | Bought a scroll of identify for 42 gold pieces
 35415 | Shoals:3 | Bought a scroll of immolation for 73 gold pieces
 35415 | Shoals:3 | Bought a potion of curing for 63 gold pieces
 35502 | Shoals:3 | Found Amalaip's Armour Emporium.
 35543 | Shoals:3 | Bought a +2 pair of gloves of dexterity for 322 gold pieces
 35796 | Shoals:4 | Entered Level 4 of the Shoals
 35814 | Shoals:4 | Reached skill level 10 in Transmutations
 35814 | Shoals:4 | Reached XP level 20. HP: 147/147 MP: 9/36
 35927 | Shoals:4 | Got a barnacled rune of Zot
 36147 | Shoals:4 | Found a hazy altar of Hepliaklqana.
 37020 | Shoals:4 | Found an iron altar of Okawaru.
 37386 | Vaults:1 | Entered Level 1 of the Vaults
 37404 | Vaults:1 | Got a fading battleaxe
 37405 | Vaults:1 | Identified the cursed +1 battleaxe of Fabapn {vorpal, +Inv
                  | rN+ Str+4} (You found it on level 1 of the Vaults)
 37834 | Vaults:1 | Learned a level 8 spell: Necromutation
 38825 | Vaults:2 | Reached XP level 21. HP: 130/153 MP: 18/37
 39102 | Vaults:2 | Noticed Xtahua
 39112 | Vaults:2 | Killed Xtahua
 40334 | Vaults:3 | Reached skill level 15 in Transmutations
 40538 | Vaults:3 | Reached XP level 22. HP: 159/159 MP: 33/38
 40848 | Vaults:3 | Found a staircase to the Crypt.
 41832 | Vaults:4 | Noticed Jory
 41847 | Vaults:4 | Killed Jory
 42699 | Vaults:4 | Noticed Sojobo
 42727 | Vaults:4 | Killed Sojobo
 42877 | Vaults:4 | Reached XP level 23. HP: 67/165 MP: 26/40
 43525 | Elf:1    | Entered Level 1 of the Elven Halls
 43986 | Elf:1    | Found a runed translucent gate.
 43986 | Elf:1    | Found a runed translucent gate.
 43986 | Elf:1    | Found a runed translucent gate.
 43986 | Elf:1    | Found a runed translucent gate.
 43986 | Elf:1    | Found a runed translucent gate.
 43988 | Elf:1    | Found a runed translucent gate.
 44006 | Elf:1    | Got a buzzing hand crossbow
 44206 | Elf:1    | Noticed Louise
 44254 | Elf:1    | Killed Louise
 44613 | Elf:1    | Identified the +10 hand crossbow of Dishonour {freeze,
                  | Int+4 Dex+2} (You found it on level 1 of the Elven Halls)
 45324 | Elf:2    | Reached skill level 19 in Earth Magic
 45503 | Elf:2    | Found a huge runed translucent gate.
 45503 | Elf:2    | Found a huge runed translucent gate.
 45503 | Elf:2    | Found a huge runed translucent gate.
 45503 | Elf:2    | Found a huge runed translucent gate.
 45503 | Elf:2    | Found a huge runed translucent gate.
 46340 | Elf:3    | Entered Level 3 of the Elven Halls
 46349 | Elf:3    | Found a flickering gateway to a bazaar.
 46381 | Bazaar   | Entered a bazaar
 46383 | Bazaar   | Found Fohoakh's Jewellery Shop.
 46389 | Bazaar   | Found Sepnaivi's Distillery.
 46393 | Bazaar   | Found Beudom's Magic Scroll Boutique.
 46395 | Bazaar   | Bought a potion of heal wounds for 75 gold pieces
 46395 | Bazaar   | Bought a potion of curing for 45 gold pieces
 46395 | Bazaar   | Bought a potion of heal wounds for 75 gold pieces
 46395 | Bazaar   | Bought 2 potions of invisibility for 240 gold pieces
 46395 | Bazaar   | Bought a potion of magic for 120 gold pieces
 46395 | Bazaar   | Bought 2 potions of brilliance for 120 gold pieces
 46401 | Bazaar   | Bought a scroll of identify for 16 gold pieces
 46401 | Bazaar   | Bought a scroll of identify for 16 gold pieces
 46401 | Bazaar   | Bought a scroll of identify for 16 gold pieces
 46401 | Bazaar   | Bought a scroll of identify for 16 gold pieces
 46401 | Bazaar   | Bought a scroll of identify for 16 gold pieces
 46412 | Bazaar   | Found Jewkapp's Gadget Boutique.
 46462 | Elf:3    | Reached skill level 20 in Earth Magic
 47076 | Elf:3    | Reached XP level 24. HP: 168/172 MP: 37/40
 47581 | Elf:3    | Identified the cursed +1 war axe of Instant Death {freeze,
                  | rPois rN+ SInv}
 47581 | Elf:3    | Identified the ring "Kadioxaq" {MR+ Str+2}
 47589 | Elf:3    | Reached skill level 21 in Earth Magic
 47631 | Elf:3    | Found the +1 cloak of Starlight {rElec rC+ EV+4 Stlth--}
 47638 | Elf:3    | Got an encrusted hand crossbow
 47679 | Elf:3    | Got an ichor-stained dagger
 47787 | Elf:3    | Identified the +4 dagger "Onakucs" {antimagic, Dex+7} (You
                  | found it on level 3 of the Elven Halls)
 47789 | Elf:3    | Identified the +4 hand crossbow "Xulin" {penet, rPois rF-
                  | Dex+3} (You found it on level 3 of the Elven Halls)
 47818 | Elf:3    | Got an ichor-stained shortbow
 47819 | Elf:3    | Identified the cursed +1 shortbow of Quantum Leap {venom,
                  | +Fly rN++ Str-3 SInv} (You found it on level 3 of the Elven
                  | Halls)
 47943 | Elf:3    | Identified the Reference Book on Igneous Contamination
 47965 | Elf:3    | Got a faintly glowing dagger
 47966 | Elf:3    | Identified the cursed +1 dagger "Aczaapp" {protect, MR++
                  | Str+4} (You found it on level 3 of the Elven Halls)
 48358 | Crypt:1  | Entered Level 1 of the Crypt
 48373 | Crypt:1  | Learned a level 9 spell: Shatter
 48379 | Crypt:1  | Learned a level 5 spell: Aura of Abjuration
 49383 | Crypt:2  | Found a large runed translucent door.
 49383 | Crypt:2  | Found a large runed translucent door.
 49384 | Crypt:2  | Noticed Jethu's ghost (veteran MiGl)
 49394 | Crypt:2  | Killed Jethu's ghost
 49481 | Crypt:2  | Reached skill level 5 in Summonings
 49811 | Crypt:2  | Reached skill level 22 in Earth Magic
 50000 | Crypt:2  | Reached XP level 25. HP: 177/177 MP: 28/41
 50278 | Crypt:3  | Entered Level 3 of the Crypt
 50332 | Crypt:3  | Noticed Khufu
 50362 | Crypt:3  | Killed Khufu
 50661 | Crypt:3  | Noticed Mennas
 50671 | Crypt:3  | Noticed Margery
 50679 | Crypt:3  | Reached skill level 23 in Earth Magic
 50694 | Crypt:3  | Killed Margery
 50702 | Crypt:3  | Killed Mennas
 51057 | Crypt:3  | Found a staircase to the Tomb.
 51084 | Crypt:3  | Noticed an ancient lich
 51097 | Crypt:3  | Killed an ancient lich
 51097 | Crypt:3  | Reached skill level 24 in Earth Magic
 51123 | Crypt:3  | Got a vibrating copper ring
 51136 | Crypt:3  | Got a slimy jade ring
 51138 | Crypt:3  | Identified the ring "Gikoduze" {rPois rN+} (You found it on
                  | level 3 of the Crypt)
 51148 | Crypt:3  | Identified the ring "Atuotemu" {*Corrode rPois rN+ Str+4
                  | Int+2} (You found it on level 3 of the Crypt)
 51347 | Tomb:1   | Entered Level 1 of the Tomb of the Ancients
 51529 | Tomb:1   | Reached XP level 26. HP: 148/184 MP: 5/41
 51861 | Tomb:1   | Noticed a greater mummy
 51879 | Tomb:1   | Killed a greater mummy
 51897 | Tomb:1   | Noticed a greater mummy
 51932 | Tomb:1   | Killed a greater mummy
 51932 | Tomb:1   | Reached skill level 25 in Earth Magic
 51962 | Tomb:1   | Noticed a greater mummy
 51974 | Tomb:1   | Killed a greater mummy
 52185 | Tomb:1   | Noticed a greater mummy
 52185 | Tomb:1   | Noticed a greater mummy
 52185 | Tomb:1   | Noticed a greater mummy
 52190 | Tomb:1   | Noticed a greater mummy
 52192 | Tomb:1   | Noticed a greater mummy
 52192 | Tomb:1   | Noticed a greater mummy
 52195 | Tomb:1   | Killed a greater mummy
 52195 | Tomb:1   | Noticed a greater mummy
 52195 | Tomb:1   | Killed a greater mummy
 52205 | Tomb:1   | Killed a greater mummy
 52205 | Tomb:1   | Killed a greater mummy
 52205 | Tomb:1   | Reached skill level 26 in Earth Magic
 52206 | Tomb:1   | Killed a greater mummy
 52206 | Tomb:1   | Killed a greater mummy
 52215 | Tomb:1   | Killed a greater mummy
 52241 | Tomb:1   | Noticed a greater mummy
 52253 | Tomb:1   | Killed a greater mummy
 52388 | Tomb:1   | Noticed a greater mummy
 52390 | Tomb:1   | Noticed a greater mummy
 52396 | Tomb:1   | Killed a greater mummy
 52399 | Tomb:1   | Killed a greater mummy
 53713 | Vaults:5 | Entered Level 5 of the Vaults
 53715 | Vaults:5 | Reached skill level 27 in Earth Magic
 53715 | Vaults:5 | Reached skill level 1 in Evocations
 53715 | Vaults:5 | Reached XP level 27. HP: 190/190 MP: 23/41
 53715 | Vaults:5 | Reached skill level 5 in Evocations
 53717 | Vaults:5 | Noticed an ancient lich
 53780 | Vaults:5 | Identified the +5 great mace "Rokory" {elec, +Blink Int+3
                  | Stlth+}
 53938 | Tomb:1   | Learned a level 8 spell: Chain Lightning
 54105 | Vaults:5 | Killed an ancient lich
 54180 | Vaults:5 | Reached skill level 10 in Evocations
 54180 | Vaults:5 | Reached skill level 5 in Air Magic
 54609 | Vaults:5 | Reached skill level 10 in Air Magic
 54758 | Vaults:5 | Got a silver rune of Zot
 54931 | Vaults:5 | Identified Lehudib's Almanac of Attacks
 55046 | Vaults:5 | Found the +12 glaive of Prune {vorpal}
 55427 | Vaults:5 | Found Magarir's Weapon Boutique.
 56058 | Tomb:1   | Learned a level 3 spell: Ozocubu's Armour
 56369 | Tomb:2   | Reached skill level 1 in Charms
 56369 | Tomb:2   | Reached skill level 1 in Ice Magic
 56597 | Tomb:2   | Noticed a greater mummy
 56597 | Tomb:2   | Noticed a greater mummy
 56597 | Tomb:2   | Noticed a greater mummy
 56597 | Tomb:2   | Noticed a greater mummy
 56599 | Tomb:2   | Killed a greater mummy
 56599 | Tomb:2   | Killed a greater mummy
 56600 | Tomb:2   | Killed a greater mummy
 56606 | Tomb:2   | Killed a greater mummy
 56724 | Tomb:2   | Reached skill level 5 in Charms
 56730 | Tomb:2   | Reached skill level 5 in Ice Magic
 57401 | Tomb:3   | Entered Level 3 of the Tomb of the Ancients
 57421 | Tomb:3   | Noticed an ancient lich
 57421 | Tomb:3   | Noticed a greater mummy
 57422 | Tomb:3   | Killed an ancient lich
 57423 | Tomb:3   | Noticed a greater mummy
 57423 | Tomb:3   | Noticed a greater mummy
 57423 | Tomb:3   | Noticed a greater mummy
 57423 | Tomb:3   | Noticed an ancient lich
 57423 | Tomb:3   | Noticed a greater mummy
 57424 | Tomb:3   | Noticed a greater mummy
 57425 | Tomb:3   | Found the amulet of the Air {Inacc +Fly rElec EV+5 RMsl}
 57563 | Tomb:3   | Noticed a greater mummy
 57565 | Tomb:3   | Noticed Mara
 57568 | Tomb:3   | Killed Mara
 57568 | Tomb:3   | Killed an ancient lich
 57569 | Tomb:3   | Killed a greater mummy
 57569 | Tomb:3   | Killed a greater mummy
 57569 | Tomb:3   | Killed a greater mummy
 57569 | Tomb:3   | Killed a greater mummy
 57569 | Tomb:3   | Reached skill level 15 in Air Magic
 57573 | Tomb:3   | Killed a greater mummy
 57731 | Tomb:3   | Killed a greater mummy
 57740 | Tomb:3   | Killed a greater mummy
 57941 | Tomb:3   | Identified A Primer on Spellweaving
 57989 | Tomb:3   | Identified the Grimoire of Bewitching Shape Shifting
 58092 | Tomb:3   | Found the +3 warlock's mirror {reflect}
 58126 | Tomb:3   | Identified Hosomynu's Reference Book on Transmigration
 58156 | Tomb:3   | Got a golden rune of Zot
 58237 | Tomb:3   | Identified the Catalogue of Lightness and the Blaze
 58286 | Tomb:3   | Got a transparent hunting sling
 58287 | Tomb:3   | Identified the +0 hunting sling "Tiojof" {vorpal, Str+2}
                  | (You found it on level 3 of the Tomb of the Ancients)
 58420 | Tomb:3   | Learned a level 2 spell: Shroud of Golubria
 58522 | Tomb:3   | Acquired 1160 gold pieces
 58524 | Tomb:3   | Lost mutation: You are covered in fur. (AC +1) [potion of
                  | mutation]
 58524 | Tomb:3   | Lost mutation: You are somewhat resistant to further
                  | mutation. [potion of mutation]
 58524 | Tomb:3   | Gained mutation: You are clumsy. (Dex -2) [potion of
                  | mutation]
 58524 | Tomb:3   | Gained mutation: You are very clumsy. (Dex -4) [potion of
                  | mutation]
 58524 | Tomb:3   | Gained mutation: You have a somewhat thin skeletal
                  | structure. (Dex +2, Stealth) [potion of mutation]
 58525 | Tomb:3   | Lost mutation: You are very clumsy. (Dex -4) [potion of
                  | mutation]
 58525 | Tomb:3   | Lost mutation: You are clumsy. (Dex -2) [potion of
                  | mutation]
 58525 | Tomb:3   | Gained mutation: You are partially covered in molten
                  | scales. (AC +2) [potion of mutation]
 58525 | Tomb:3   | Gained mutation: You are clumsy. (Dex -2) [potion of
                  | mutation]
 58525 | Tomb:3   | Gained mutation: You are partially covered in large bone
                  | plates. (SH +4) [potion of mutation]
 58526 | Tomb:3   | Lost mutation: You have a somewhat thin skeletal structure.
                  | (Dex +2, Stealth) [potion of mutation]
 58526 | Tomb:3   | Lost mutation: You are clumsy. (Dex -2) [potion of
                  | mutation]
 58526 | Tomb:3   | Lost mutation: You are partially covered in molten scales.
                  | (AC +2) [potion of mutation]
 58526 | Tomb:3   | Gained mutation: You have large cloven feet. [potion of
                  | mutation]
 58526 | Tomb:3   | Gained mutation: You possess an exceptional clarity of
                  | mind. [potion of mutation]
 58556 | Tomb:3   | Bought the ring of Robustness {AC+8} for 2176 gold pieces
 58556 | Tomb:3   | Found the ring of Robustness {AC+8}
 58556 | Tomb:3   | Bought the ring of Qazlal's Indignation {rC++ AC+4 Str+2
                  | Slay+2} for 1242 gold pieces
 58599 | Zig:1    | Entered Level 1 of a ziggurat
 58647 | Zig:2    | Entered Level 2 of a ziggurat
 58689 | Zig:3    | Entered Level 3 of a ziggurat
 58761 | Zig:4    | Entered Level 4 of a ziggurat
 58794 | Zig:4    | Identified Sif Muna's Collected Works on Weightlessness and
                  | Good Luck
 58847 | Zig:5    | Entered Level 5 of a ziggurat
 58909 | Zig:5    | Got a slimy morningstar
 58911 | Zig:5    | Got an encrusted eveningstar
 58913 | Zig:5    | Identified the +9 eveningstar of Dismemberment {vorpal,
                  | +Fly rC+ Dex+3} (You found it on level 5 of a ziggurat)
 58914 | Zig:5    | Identified the +2 morningstar of the Sneaky Violins
                  | {protect, rC+ rN+ Dex+4} (You found it on level 5 of a
                  | ziggurat)
 58938 | Zig:6    | Entered Level 6 of a ziggurat
 58957 | Zig:6    | Found the +7 sceptre of Torment {pain, torment}
 58975 | Zig:6    | Got a fine scimitar
 58976 | Zig:6    | Identified the +11 scimitar "Jelly's Demise" {vorpal, *Slow
                  | Str+9 Int+8 Dex-5} (You found it on level 6 of a ziggurat)
 59015 | Zig:7    | Entered Level 7 of a ziggurat
 59053 | Zig:7    | Identified Taplixto's Guide on Confrontation
 59130 | Zig:8    | Entered Level 8 of a ziggurat
 59217 | Zig:9    | Entered Level 9 of a ziggurat
 59419 | Zig:9    | Learned a level 9 spell: Tornado
 59439 | Zig:10   | Entered Level 10 of a ziggurat
 59444 | Zig:10   | Noticed a juggernaut
 59444 | Zig:10   | Noticed a juggernaut
 59444 | Zig:10   | Noticed a juggernaut
 59448 | Zig:10   | Killed a juggernaut
 59448 | Zig:10   | Killed a juggernaut
 59449 | Zig:10   | Killed a juggernaut
 59533 | Zig:10   | Got a glimmering halberd
 59534 | Zig:10   | Identified the +6 halberd "Migun" {venom, +Fly rC+ Int+3
                  | Stlth+} (You found it on level 10 of a ziggurat)
 59539 | Zig:10   | Got a crude short sword
 59540 | Zig:10   | Identified the +7 short sword of Sulphur {venom, rPois rC+
                  | Str+3} (You found it on level 10 of a ziggurat)
 59576 | Zig:11   | Entered Level 11 of a ziggurat
 59596 | Zig:11   | Found the +9 staff of Olgreb {rPois∞}
 59709 | Zig:11   | Got a glimmering fustibalus
 59716 | Zig:11   | Identified the +8 fustibalus "Ziuttel" {flame, rPois rF-
                  | SInv} (You found it on level 11 of a ziggurat)
 59737 | Zig:12   | Entered Level 12 of a ziggurat
 59743 | Zig:12   | Noticed a Killer Klown
 59743 | Zig:12   | Noticed Egayqi Aceq the pandemonium lord
 59744 | Zig:12   | Noticed a Killer Klown
 59748 | Zig:12   | Noticed a Killer Klown
 59750 | Zig:12   | Noticed a Killer Klown
 59753 | Zig:12   | Noticed a Killer Klown
 59754 | Zig:12   | Noticed Viob the pandemonium lord
 59755 | Zig:12   | Killed Egayqi Aceq the pandemonium lord
 59756 | Zig:12   | Killed a Killer Klown
 59757 | Zig:12   | Killed a Killer Klown
 59757 | Zig:12   | Killed a Killer Klown
 59757 | Zig:12   | Killed Viob the pandemonium lord
 59761 | Zig:12   | Killed a Killer Klown
 59791 | Zig:12   | Killed a Killer Klown
 59796 | Zig:12   | Killed a Killer Klown
 59927 | Zig:12   | Got a brightly glowing hand axe
 59929 | Zig:12   | Got an ivory short sword
 59932 | Zig:12   | Identified the +7 short sword "Inonnum" {protect, *Noise
                  | +Fly MR++ Dex+4} (You found it on level 12 of a ziggurat)
 59934 | Zig:12   | Identified the cursed +0 hand axe of the Briny Deep {pain,
                  | MP+9} (You found it on level 12 of a ziggurat)
 59952 | Zig:13   | Entered Level 13 of a ziggurat
 60018 | Zig:13   | Got a glittering granite ring
 60033 | Zig:13   | Got a scintillating bone ring
 60065 | Zig:13   | Identified the ring "Ebykk" {+Fly rElec MP+9 Str-5} (You
                  | found it on level 13 of a ziggurat)
 60068 | Zig:13   | Identified the cursed ring "Hiug" {rElec rC++ EV-4} (You
                  | found it on level 13 of a ziggurat)
 60078 | Zig:13   | Got an iridescent flail
 60079 | Zig:13   | Identified the +7 flail of Ruination {freeze, Int+4 Dex+4}
                  | (You found it on level 13 of a ziggurat)
 60087 | Zig:13   | Got a jewelled battleaxe
 60088 | Zig:13   | Identified the +7 battleaxe "Viufag" {speed, Str-4 Dex+5}
                  | (You found it on level 13 of a ziggurat)
 60099 | Zig:14   | Entered Level 14 of a ziggurat
 60516 | Zig:15   | Entered Level 15 of a ziggurat
 60734 | Zig:16   | Entered Level 16 of a ziggurat
 60750 | Zig:16   | Noticed an ancient lich
 60754 | Zig:16   | Killed an ancient lich
 60803 | Zig:16   | Got a smoking golden ring
 60825 | Zig:16   | Got a wavering granite ring
 60901 | Zig:16   | Got a slimy trident
 60902 | Zig:16   | Identified the +11 trident of Sunlight {speed, Stlth+} (You
                  | found it on level 16 of a ziggurat)
 60905 | Zig:16   | Got a masterwork trident
 60906 | Zig:16   | Identified the cursed +3 trident of Calompecem {freeze,
                  | *Corrode rF++ MR+ Dex+2} (You found it on level 16 of a
                  | ziggurat)
 60912 | Zig:16   | Identified the ring "Lugeti" {MR+ Int+4} (You found it on
                  | level 16 of a ziggurat)
 60914 | Zig:16   | Identified the ring of Happiness {rElec MR+ Str+2 Stlth-}
                  | (You found it on level 16 of a ziggurat)
 60930 | Zig:17   | Entered Level 17 of a ziggurat
 60940 | Zig:17   | Noticed an ancient lich
 60948 | Zig:17   | Killed an ancient lich
 61083 | Zig:17   | Got a twitching brass ring
 61084 | Zig:17   | Identified Dishirph's Lost Grimoire of Sif Muna
 61145 | Zig:17   | Got a jewelled flail
 61146 | Zig:17   | Identified the +9 flail of the Saviour {vorpal, rF+} (You
                  | found it on level 17 of a ziggurat)
 61149 | Zig:17   | Got an ancient morningstar
 61150 | Zig:17   | Identified the +10 morningstar of Ubruenee {freeze, rElec
                  | rPois rC- Stlth+} (You found it on level 17 of a ziggurat)
 61154 | Zig:17   | Identified the ring "Uhoimiv" {Fire MR+} (You found it on
                  | level 17 of a ziggurat)
 61173 | Zig:18   | Entered Level 18 of a ziggurat
 61180 | Zig:18   | Noticed a shard shrike
 61184 | Zig:18   | Noticed a shard shrike
 61185 | Zig:18   | Killed a shard shrike
 61190 | Zig:18   | Killed a shard shrike
 61200 | Zig:18   | Noticed a shard shrike
 61206 | Zig:18   | Killed a shard shrike
 61224 | Zig:18   | Noticed a shard shrike
 61237 | Zig:18   | Killed a shard shrike
 61304 | Zig:18   | Got an ancient steel amulet
 61377 | Zig:18   | Got a warped triple crossbow
 61378 | Zig:18   | Identified the +9 triple crossbow of Dishonour {penet,
                  | *Slow rF+ Str+4 Int+2} (You found it on level 18 of a
                  | ziggurat)
 61381 | Zig:18   | Got a twisted whip
 61382 | Zig:18   | Identified the +8 whip "Luicog" {freeze, rElec Int-2 Dex+2}
                  | (You found it on level 18 of a ziggurat)
 61410 | Zig:19   | Entered Level 19 of a ziggurat
 61425 | Zig:19   | Noticed a Killer Klown
 61425 | Zig:19   | Noticed Qywyestro the pandemonium lord
 61425 | Zig:19   | Noticed a Killer Klown
 61425 | Zig:19   | Noticed a Killer Klown
 61425 | Zig:19   | Noticed Isenugac the pandemonium lord
 61427 | Zig:19   | Noticed a Killer Klown
 61428 | Zig:19   | Noticed a Killer Klown
 61428 | Zig:19   | Noticed a Killer Klown
 61429 | Zig:19   | Noticed a Killer Klown
 61429 | Zig:19   | Noticed Gukuod the pandemonium lord
 61430 | Zig:19   | Noticed Vuedy the pandemonium lord
 61430 | Zig:19   | Noticed Jykhlun the pandemonium lord
 61431 | Zig:19   | Noticed Vivujack the pandemonium lord
 61431 | Zig:19   | Noticed a Killer Klown
 61431 | Zig:19   | Noticed Kutwoh the pandemonium lord
 61431 | Zig:19   | Noticed Ukhlisa the pandemonium lord
 61431 | Zig:19   | Noticed Ucvuil the pandemonium lord
 61431 | Zig:19   | Noticed a Killer Klown
 61432 | Zig:19   | Noticed Vuxtisaa the pandemonium lord
 61432 | Zig:19   | Noticed Waets the pandemonium lord
 61434 | Zig:19   | Killed Qywyestro the pandemonium lord
 61435 | Zig:19   | Killed a Killer Klown
 61435 | Zig:19   | Noticed Muosaidaum the pandemonium lord
 61436 | Zig:19   | Killed a Killer Klown
 61437 | Zig:19   | Killed Vuedy the pandemonium lord
 61437 | Zig:19   | Killed Vuxtisaa the pandemonium lord
 61437 | Zig:19   | Killed Jykhlun the pandemonium lord
 61437 | Zig:19   | Killed Ucvuil the pandemonium lord
 61437 | Zig:19   | Killed Isenugac the pandemonium lord
 61437 | Zig:19   | Killed a Killer Klown
 61439 | Zig:19   | a Killer Klown changed into a caustic shrike
 61440 | Zig:19   | Killed Waets the pandemonium lord
 61441 | Zig:19   | Killed Gukuod the pandemonium lord
 61442 | Zig:19   | Killed a Killer Klown
 61443 | Zig:19   | Killed Ukhlisa the pandemonium lord
 61443 | Zig:19   | Killed Vivujack the pandemonium lord
 61444 | Zig:19   | Killed a Killer Klown
 61444 | Zig:19   | Killed a Killer Klown
 61445 | Zig:19   | HP: 4/190 [Muosaidaum the pandemonium lord (29)]
 61446 | Zig:19   | Killed Muosaidaum the pandemonium lord
 61446 | Zig:19   | Killed a Killer Klown
 61447 | Zig:19   | Found the +10 tower shield of Ignorance {rN+ Int-4}
 61450 | Zig:19   | Mangled by Kutwoh the pandemonium lord

Illustrated notes

Levels and vault maps discovered:
D:1:      mrwooster_arrival_arrow, layout_basic
D:2:      layout_basic, makhleb_altar_promises_db, uniq_jessica
D:3:      layout_basic, uniq_crazy_yiuf_cottage
D:4:      layout_loops_ring, serial_shops,
          nicolae_shop_competitors_out_of_business, first_ration,
          bh_walls_and_bars
D:5:      layout_basic, minmay_temple_entry_drinking_statues,
          cheibrodos_ashenzari_chains, uniq_pikel
D:6:      layout_basic, uniq_eustachio
D:7:      layout_loops_ring
D:8:      layout_basic, serial_shops, nicolae_shop_stone, uniq_joseph,
          uniq_harold
D:9:      layout_irregular_city, ebering_ghost_xom
D:10:     layout_long_grid, erik_lair_island,
          kennysheep_orc_monster_closet_entryway, uniq_grum
D:11:     layout_big_octagon, uniq_gastronok, uniq_sonja, uniq_psyche,
          uniq_snorg
D:12:     layout_loops_ring, basic_altar, hangedman_pestilent_swarm, uniq_urug
D:13:     layout_basic, hangedman_decor_opposing, uniq_kirke, uniq_azrael
D:14:     layout_long_grid, ximxim_vaults_locker_room, basic_altar,
          chequers_serial_rivers_small_a, lemuel_mausoleum_altar_kikubaaqudgha,
          uniq_agnes, uniq_jorgrun
D:15:     grunt_enter_depths_snipers, layout_rooms, drop_trap,
          minmay_variable_closet, minmay_hidden_floor, uniq_nessos, uniq_roxanne
Temple:   kilobyte_greek_temple
Lair:1:   layout_loops_ring, st_stairs_4
Lair:2:   layout_hall_layers, dummy_spider_entry,
          nicolae_volcano_entry_two_sided, ebering_ghost_disaster_area,
          beast_lair_carwin_3, grunt_megastairs_1
Lair:3:   layout_roguey, gauntlet_entry_generic, special_room
          [special_room_bee], serial_bayou_shore_a
Lair:4:   layout_small_grid, elwin_shoals_entry_rocks, beast_lair_carwin_10,
          grunt_megastairs_4
Lair:5:   layout_hall_layers, slime_dummy
Lair:6:   minmay_lair_end_enchanted_forest, layout_small_grid, minivault_26,
          grunt_megastairs_5
Shoals:1: layout_shoals
Shoals:2: layout_shoals, ebering_ghost_rock_garden, uniq_ilsuiw, uniq_nikola
Shoals:3: layout_shoals, serial_shops, shop, nicolae_shop_statue_plus, shop,
          shop, uniq_polyphemus, uniq_donald
Shoals:4: shoals_end_simple, layout_shoals, hangedman_feature_mirror
Spider:1: layout_spider_delve, hangedman_spider_mandibles
Spider:2: layout_spider_delve, spiders_nest_hornet_nest
Spider:3: layout_spider_delve, nicolae_spider_stair_cavern,
          hangedman_spider_tarantella_strand
Spider:4: johnstein_spider_rune_arachne_lair
Orc:1:    layout_diamond_mine, ebering_ghost_reflecting_pool,
          elves_outpost_lemuel
Orc:2:    st_orc_elflike, layout_diamond_mine
Elf:1:    eino_elf_arrival_sip, layout_gridlike, orc_legates, uniq_louise
Elf:2:    layout_onion_city
Elf:3:    grunt_elf_hall_branching, layout_loops_corners, serial_shops,
          bzr_entry_customers
Vaults:1: v_misc_5, ontoclasm_vaults_shuriken, grunt_vaults_diagonal,
          ontoclasm_vaults_ring_small, vaults_dpeg_encased_lava,
          layout_vaults_big_room
Vaults:2: hangedman_vaults_pinch, hangedman_vaults_corner,
          hangedman_vaults_maws, nicolae_vaults_ring_of_whatevers,
          nicolae_vaults_what_the_h, v_misc_31, ontoclasm_vaults_loading_screen,
          vaults_room_pools, vaults_dpeg_ring, grunt_vaults_focal,
          ontoclasm_vaults_fault, grunt_vaults_funnel, nicolae_vaults_rhombus_5,
          layout_vaults_omnicross, uniq_xtahua
Vaults:3: vaults_room_boxed, nicolae_vaults_quartermaster,
          minmay_crypt_entry_simple_box, nicolae_vaults_big_ls,
          nicolae_vaults_network_quinsquares
          [nicolae_vaults_network_quincunx_subvault,
          nicolae_vaults_network_quincunx_subvault,
          nicolae_vaults_network_quincunx_subvault,
          nicolae_vaults_network_quincunx_subvault], v_alt_pattern_4,
          vaults_room_grid, dpeg_vaults_monster_box,
          nicolae_vaults_disjoint_gnomons, nicolae_vaults_triangles, v_misc_17,
          vaults_dpeg_hooks, layout_vaults_maze_snakey
Vaults:4: hangedman_vaults_stitches, v_misc_16, vaults_mumra_chevron_long,
          v_misc_27, nicolae_vaults_arrows, v_misc_9,
          nicolae_vaults_little_squares_1, v_pattern_2, ontoclasm_vaults_spin,
          ontoclasm_vaults_ring_large, grunt_vaults_hallway_short,
          layout_vaults_omnibox, uniq_jory, uniq_sojobo
Vaults:5: serial_shops
Crypt:1:  layout_gridlike, grunt_crypt_arrival_guarded_gate
Crypt:2:  layout_chaotic_city, ebering_ghost_disaster_area, minivault_4
Crypt:3:  david_glass_crypt, layout_gridlike, tomb_entry_sphere_bobbens,
          st_stairs_9, uniq_khufu, uniq_mennas, uniq_margery
Tomb:1
Tomb:2
Tomb:3:   uniq_mara
Zig:19:   ziggurat_pillar_centre_dispersal, ziggurat_pillar_centre_dispersal,
          ziggurat_pillar_centre_dispersal, ziggurat_pillar_centre_dispersal

Skill      XL: |  1  2  3  4  5  6  7  8  9 10 11 12 13 14 15 16 17 18 19 20 21 22 23 24 25 26 27 |
---------------+----------------------------------------------------------------------------------+-----
Conjurations   | 1 2 3 4 5 |  5.0
Fire Magic     | 2 3 4 |  4.0
Air Magic      | 2 3 4 24 | 24.8
Fighting       | 1 4 5 6 8 10 | 10.0
Dodging        | 2 3 4 5 6 8 |  8.0
Armour         | 1 3 5 6 7 9 10 | 10.0
Shields        | 2 3 5 8 9 13 15 | 15.0
Necromancy     | 2 4 7 9 10 12 13 15 17 18 19 | 19.0
Spellcasting   | 4 6 7 10 12 13 14 | 14.0
Earth Magic    | 6 9 10 12 14 16 18 20 22 24 27 | 27.0
Transmutations | 7 8 10 12 15 17 19 | 19.0
Stealth        | 4 |  4.5
Summonings     | 6 8 |  8.0
Evocations     | 4 10 | 10.0
Charms         | 6 |  6.0
Ice Magic      | 6 |  6.0
Translocations | |  0.8

Action                   |  1- 3 |  4- 6 |  7- 9 | 10-12 | 13-15 | 16-18 | 19-21 | 22-24 | 25-27 || total
-------------------------+-------+-------+-------+-------+-------+-------+-------+-------+-------++-------
Melee: Dagger            |    12 |    13 |       |       |    28 |       |       |       |       ||    53
       Short sword       |       |    20 |   211 |   376 |    91 |       |       |       |       ||   698
       Trident           |       |       |    53 |    35 |       |       |       |       |       ||    88
       Flail             |       |       |       |     5 |     1 |       |       |       |       ||     6
       Mace              |       |       |       |       |    78 |   133 |       |       |       ||   211
       Long sword        |       |       |       |       |       |    78 |   511 |   529 |   251 ||  1369
       Staff             |       |       |       |       |       |       |       |       |     3 ||     3
       Scimitar          |       |       |       |       |       |       |       |       |     2 ||     2
 Fire: Hunting sling     |       |    15 |    25 |   109 |  1090 |   850 |       |       |       ||  2089
       Hand crossbow     |       |       |       |       |       |       |       |    83 |   135 ||   218
Throw: Stone             |     2 |     1 |       |       |       |       |       |       |       ||     3
       Javelin           |       |       |       |       |    15 |       |       |       |       ||    15
 Cast: Magic Dart        |    79 |    96 |    49 |    33 |    37 |       |       |       |       ||   294
       Mephitic Cloud    |       |     7 |    33 |    55 |    94 |    24 |    10 |     7 |       ||   230
       Conjure Flame     |       |     1 |    17 |    35 |    58 |     8 |     3 |     6 |       ||   128
       Dispel Undead     |       |       |       |     7 |    21 |    10 |    10 |    49 |    47 ||   144
       Borgnjor's Vile C |       |       |       |    25 |   172 |   327 |   327 |   341 |   238 ||  1430
       Vampiric Draining |       |       |       |     6 |     9 |       |     6 |    10 |       ||    31
       Sublimation of Bl |       |       |       |       |    15 |    81 |    48 |    41 |    19 ||   204
       Statue Form       |       |       |       |       |     1 |    18 |    16 |     4 |       ||    39
       Necromutation     |       |       |       |       |       |       |       |    28 |    78 ||   106
       Shatter           |       |       |       |       |       |       |       |       |   113 ||   113
       Bolt of Magma     |       |       |       |       |       |       |       |       |    34 ||    34
       Ozocubu's Armour  |       |       |       |       |       |       |       |       |    12 ||    12
       Tornado           |       |       |       |       |       |       |       |       |     9 ||     9
Invok: Receive Necronomi |       |       |       |       |     1 |       |       |       |       ||     1
       Renounce Religion |       |       |       |       |     1 |       |       |       |       ||     1
       Potion Petition   |       |       |       |       |       |       |       |     3 |    17 ||    20
       Call Merchant     |       |       |       |       |       |       |       |       |     6 ||     6
 Abil: Dig               |       |     4 |     5 |    25 |    25 |    13 |    14 |     5 |     1 ||    92
       End Transformatio |       |       |       |       |       |       |     1 |     7 |    14 ||    22
Evoke: Wand              |       |       |       |       |       |       |       |       |     9 ||     9
       Staff of energy   |       |       |       |       |       |       |       |       |   336 ||   336
       Lightning rod     |       |       |       |       |       |       |       |       |     2 ||     2
       Phial of floods   |       |       |       |       |       |       |       |       |     2 ||     2
       Figurine of a zig |       |       |       |       |       |       |       |       |     1 ||     1
  Use: Scroll            |       |     5 |       |    13 |    16 |     9 |     1 |     5 |    17 ||    66
       Potion            |       |       |     1 |     1 |     3 |       |     2 |       |    18 ||    25
 Stab: Confused          |       |     1 |    12 |    14 |     2 |     3 |     1 |     2 |       ||    35
       Sleeping          |       |       |     2 |     2 |       |       |       |       |       ||     4
       Distracted        |       |       |       |       |       |       |     8 |     1 |     3 ||    12
  Eat: Chunk             |     2 |     8 |    14 |    24 |     4 |       |       |       |       ||    52
       Ration            |       |       |       |       |    15 |     7 |    12 |     9 |     7 ||    50
Armor: Robe              |     5 |    10 |       |       |       |       |       |       |       ||    15
       Leather armour    |       |     8 |    54 |    14 |       |       |       |       |       ||    76
       Troll leather arm |       |       |       |   101 |   165 |   136 |   102 |   210 |   459 ||  1173
       Skin              |       |       |       |       |    15 |   479 |   155 |    27 |       ||   676
Dodge: Dodged            |    13 |    37 |   136 |   256 |   462 |   704 |   457 |   468 |   723 ||  3256
Block: Buckler           |       |       |    11 |    80 |   190 |   132 |       |       |       ||   413
       Kite shield       |       |       |       |       |       |   408 |       |       |       ||   408
       Tower shield      |       |       |       |       |       |       |   919 |   854 |  1092 ||  2865
       Rpst.: Long sword |       |       |       |       |       |    21 |    87 |    96 |    46 ||   250
       Scimitar          |       |       |       |       |       |       |       |       |     9 ||     9
